 Dungeon Crawl Stone Soup version 0.21.1-1-g345015fe64 (webtiles) character file.

2718 HooM the Cleaver (level 9, -3/75 HPs)
             Began as a Minotaur Fighter on Mar 14, 2018.
             Was a Believer of Okawaru.
             Killed by divine providence
             ... invoked by an orc priest
              (12 damage)
             ... on level 8 of the Dungeon.
             The game lasted 00:34:30 (5072 turns).

HooM the Cleaver (Minotaur Fighter)                 Turns: 5072, Time: 00:34:31

Health: -3/75      AC: 16    Str: 22    XL:     9   Next: 39%
Magic:  8/8        EV: 11    Int:  7    God:    Okawaru [**....]
Gold:   410        SH: 11    Dex: 12    Spells: 7/9 levels left

rFire    + . .     SeeInvis .   D - +1 war axe (elec)
rCold    + . .     Gourm    .   c - +0 shield
rNeg     . . .     Faith    +   r - +5 ring mail of the Bulwark {rElec rF+ Stlth+}
rPois    .         Spirit   .   (helmet restricted)
rElec    +         Reflect  .   t - +1 cloak
rCorr    .         Harm     .   a - +0 pair of gloves
MR       .....                  F - +0 pair of boots
Stlth    +++.......             w - amulet of faith
HPRegen  0.22/turn              l - +2 ring of intelligence
MPRegen  0.11/turn              i - ring of protection from cold

@: no status effects
A: retaliatory headbutt, horns 2, screaming 1, no potion heal 1
a: Heroism, Renounce Religion


You were on level 8 of the Dungeon.
You worshipped Okawaru.
Okawaru was pleased with you.
You were not hungry.

You visited 2 branches of the dungeon, and saw 9 of its levels.

You collected 410 gold pieces.

Inventory:

Hand Weapons
 D - a +1 war axe of electrocution (weapon)
Armour
 a - a +0 pair of gloves (worn)
 c - a +0 shield (worn)
 r - the +5 ring mail of the Bulwark (worn) {rElec rF+ Stlth+}
   (You found it on level 7 of the Dungeon)

   It protects you from fire.
   It insulates you from electricity.
   It makes you more stealthy.
 t - a +1 cloak (worn)
 F - a +0 pair of boots (worn)
Jewellery
 i - a ring of protection from cold (right hand)
 l - a +2 ring of intelligence (left hand)
 w - an amulet of faith (around neck)
Wands
 u - a wand of disintegration (11)
 v - a wand of paralysis (17)
Scrolls
 b - a scroll of silence
 e - 5 scrolls of magic mapping
 g - 4 scrolls of remove curse
 m - a scroll of noise
 o - 2 scrolls of amnesia
 p - 6 scrolls of teleportation
 x - 2 scrolls of enchant armour
 y - a scroll of immolation
 E - a scroll of fog
Potions
 d - 8 potions of might
 h - a potion of resistance
 j - a potion of haste
 k - 3 potions of brilliance {unknown}
 n - 3 potions of flight {unknown}
 q - 3 potions of curing
 s - 4 potions of heal wounds
 A - a potion of cancellation {unknown}
 C - 2 potions of degeneration
Books
 z - a book of Minor Magic

   Spells                             Type                      Level
   a - Magic Dart                     Conjuration                  1
   b - Blink                          Translocation                2
   c - Call Imp                       Summoning                    2
   d - Slow                           Hexes                        2
   e - Conjure Flame                  Conjuration/Fire             3
   f - Mephitic Cloud                 Conjuration/Poison/Air       3
Comestibles
 f - 16 rations
 B - 3 chunks of flesh


   Skills:
 * Level 6.1 Fighting
 * Level 9.8 Axes
 * Level 6.5 Armour
 * Level 4.8 Dodging
 * Level 3.5 Stealth
 * Level 6.9 Shields
 + Level 0.5 Spellcasting


You had 7 spell levels left.
You knew the following spells:

 Your Spells              Type           Power        Failure   Level  Hunger
a - Blink                 Tloc           N/A          96%         2    ###....


Dungeon Overview and Level Annotations

Branches:
Dungeon (8/15)             Temple (1/1) D:5
   Lair: D:8-11

Altars:
Ashenzari
Cheibriados
Dithmenos
Elyvilon
Fedhas
Nemelex Xobeh
Okawaru
Qazlal
Ru
Trog
Uskayaw
Vehumet
Wu Jian
Xom
The Shining One

Shops:
D:7 }%!

Annotations:
D:8 Prince Ribbit


Innate Abilities, Weirdness & Mutations

You reflexively headbutt those who attack you in melee.
You have a pair of horns on your head.
You occasionally shout uncontrollably at your foes.
Potions are less effective at restoring your health.


Message History

Beogh smites you!
* * * LOW HITPOINT WARNING * * *
Something hits you but does no damage. Something hits you.
* * * LOW HITPOINT WARNING * * *
You barely miss something. Your headbutt misses something.
Something hits you but does no damage.
The orc priest begins to cast a cantrip, but forgets the words!
Something hits you.
* * * LOW HITPOINT WARNING * * *
A hound comes into view.
You completely miss Prince Ribbit. You closely miss something.
Something hits you but does no damage. Prince Ribbit closely misses you.
Prince Ribbit hits you.
* * * LOW HITPOINT WARNING * * *
The orc priest casts a cantrip, but nothing happens.
Something hits you.
* * * LOW HITPOINT WARNING * * *
The orc priest invokes the aid of Beogh against you.
Beogh smites you!
You die...

.# .# .# .# . .# ....... .# .
....... ####.##############.
....... #..@........#.......
..H....##F######.....)....##
.......ooo..................
.....hr##..####..........###
...$..$##..#.............#
.>...F.......<...#......## #
.......ยง....)...........####
..#######..#.###.#..........
#..#.##..##.####....


You could see Prince Ribbit, a hound, 2 orc priests and a quokka (wandering).

Vanquished Creatures
  Psyche (D:8)
  A troll (D:8)
  The ghost of lilvoldemort the Chopper, an amateur HOFi (D:4)
  An ogre (D:4)
  A centaur (D:5)
  A big kobold (D:7)
  3 bullfrogs
  4 scorpions
  An electric eel (D:8)
  2 crimson imps
  A centaur zombie (D:8)
  Crazy Yiuf (D:2)
  2 bullfrog skeletons
  6 hounds
  3 jellies
  2 orc priests
  9 orc wizards
  6 worker ants
  Ijyb (D:3)
  2 hound zombies (D:6)
  A hound skeleton (D:3)
  2 worker ant zombies (D:6)
  13 adders
  5 gnolls
  An adder zombie (D:7)
  An adder skeleton (D:4)
  9 worms
  A dart slug (D:3)
  8 leopard geckos
  34 orcs
  3 bats (D:1)
  6 giant cockroaches
  9 goblins
  8 hobgoblins
  12 jackals
  10 kobolds
  2 quokkas
  A ball python (D:2)
  6 frilled lizards
  A giant cockroach zombie (D:6)
  A leopard gecko skeleton (D:5)
  2 quokka skeletons
  7 rats
  A fungus (D:2)
  A plant (D:8)
194 creatures vanquished.

Notes
Turn   | Place    | Note
-------+----------+-------------------------------------------
     0 | D:1      | HooM the Minotaur Fighter began the quest for the Orb.
     0 | D:1      | Reached XP level 1. HP: 19/19 MP: 0/0
   106 | D:1      | Reached XP level 2. HP: 26/27 MP: 1/1
   212 | D:1      | Reached XP level 3. HP: 31/33 MP: 2/2
   534 | D:2      | Reached skill level 3 in Axes
   786 | D:2      | Reached XP level 4. HP: 28/40 MP: 3/3
   812 | D:2      | Found a bloodstained altar of Trog.
   821 | D:2      | Reached skill level 1 in Dodging
  1237 | D:2      | Found a runed door.
  1241 | D:2      | Noticed Crazy Yiuf
  1252 | D:2      | Killed Crazy Yiuf
  1453 | D:3      | Reached skill level 1 in Stealth
  1453 | D:3      | Reached XP level 5. HP: 38/47 MP: 4/4
  1562 | D:3      | Reached skill level 4 in Axes
  1734 | D:3      | Noticed Ijyb
  1750 | D:3      | Killed Ijyb
  1947 | D:4      | Reached XP level 6. HP: 46/53 MP: 5/5
  2120 | D:4      | Reached skill level 5 in Axes
  2164 | D:4      | Reached skill level 5 in Shields
  2437 | D:4      | Noticed lilvoldemort's ghost (amateur HOFi)
  2468 | D:4      | Killed lilvoldemort's ghost
  2468 | D:4      | Reached skill level 5 in Fighting
  2468 | D:4      | Reached skill level 6 in Axes
  2468 | D:4      | Reached skill level 5 in Armour
  2468 | D:4      | Reached XP level 7. HP: 49/61 MP: 6/6
  2667 | D:5      | Entered Level 5 of the Dungeon
  2724 | D:5      | Learned a level 2 spell: Blink
  2819 | D:5      | Reached skill level 7 in Axes
  2861 | D:5      | Reached XP level 8. HP: 50/68 MP: 7/7
  2965 | D:5      | Found a staircase to the Ecumenical Temple.
  2971 | Temple   | Entered the Ecumenical Temple
  3041 | Temple   | Became a worshipper of Warmaster Okawaru
  3791 | D:6      | Found an ornate altar of the Wu Jian Council.
  3857 | D:6      | Reached skill level 8 in Axes
  3945 | D:6      | Found a shattered altar of Ashenzari.
  4218 | D:7      | Found Cuilloho's Distillery.
  4294 | D:7      | Found Sigi's Food Boutique.
  4300 | D:7      | Reached * piety under Okawaru
  4396 | D:7      | Found a blossoming altar of Fedhas.
  4437 | D:7      | Reached skill level 9 in Axes
  4441 | D:7      | Found Pusuhoid's Gadget Emporium.
  4480 | D:7      | Reached XP level 9. HP: 70/75 MP: 8/8
  4481 | D:7      | Got a jewelled ring mail
  4492 | D:7      | Identified the +5 ring mail of the Bulwark {rElec rF+ Stlth+} (You found it on level 7 of the Dungeon)
  4493 | D:7      | Gained mutation: Potions are less effective at restoring your health. [mutagenic glow]
  4521 | D:7      | Gained mutation: You occasionally shout uncontrollably at your foes. [mutagenic glow]
  4741 | D:7      | Found a radiant altar of Vehumet.
  4858 | D:8      | Noticed a troll
  4872 | D:8      | Killed a troll
  4872 | D:8      | Reached ** piety under Okawaru
  4960 | D:8      | Found a snail-covered altar of Cheibriados.
  4989 | D:8      | Noticed Psyche
  4995 | D:8      | Killed Psyche
  5059 | D:8      | Noticed Prince Ribbit
  5072 | D:8      | Killed from afar by an orc priest

Skill      XL: |  1  2  3  4  5  6  7  8  9 |
---------------+----------------------------+-----
Fighting       | 4 5 6 |  6.1
Armour         | 4 5 6 |  6.5
Axes           | 3 4 6 7 9 |  9.8
Shields        | 4 5 6 |  6.9
Dodging        | 1 2 3 4 |  4.8
Stealth        | 1 2 3 |  3.5
Spellcasting   | |  0.5

Action                   |  1- 3 |  4- 6 |  7- 9 || total
-------------------------+-------+-------+-------++-------
Melee: War axe           |   111 |   193 |   263 ||   567
       Headbutt          |     7 |    35 |    47 ||    89
  Use: Scroll            |     6 |     4 |     4 ||    14
 Stab: Sleeping          |       |       |     2 ||     2
  Eat: Chunk             |       |     5 |    10 ||    15
Armor: Scale mail        |    30 |    77 |    75 ||   182
       Ring mail         |       |       |    25 ||    25
Dodge: Dodged            |    36 |    57 |    83 ||   176
Block: Shield            |    68 |   116 |   117 ||   301
